Workbook
Name Résultats: RESULTS!$F$1:$S$3
Name Résultats_1: RESULTS!$F$1:$T$3
Name Résultats_2: RESULTS!$F$1:$T$3

Sheet Service Pool Summary
A1: MINOR | B1: (Multiple Items)
A3: AMTLOC | C3: ACCTMO
A4: LERU | B4: Leru Name | C4: 01 | D4: 02 | E4: 03 | F4: 04 | G4: 05 | H4: Grand Total
A5: 783610 | B5: Shared Svces Storage - Lux | C5: -1916.66 | D5: -2310.98 | E5: -2673.8 | F5: 81.64 | G5: 6429.15 | H5: -390.65
A6: 783612 | B6: Shared TIVOLI SMI | C6: -31175.04 | D6: -14165.96 | E6: -15139.34 | F6: 33760.16 | G6: 26051.58 | H6: -668.6
A7: Grand Total | C7: -33091.7 | D7: -16476.94 | E7: -17813.14 | F7: 33841.8 | G7: 32480.73 | H7: -1059.25

Sheet MINOR DESCR
A1: Charge | B1: MINSMIN | C1: Major | D1: Minor | E1: Subminor | F1: Title | G1: Charge IN/OUT
A2: =D2&E2 -> 84500000 | B2: 84500000 | C2: SEC | D2: 8450 | E2: 0000 | F2: Transfer to Cost - Cost Center O/U | G2: OUT O/U
A3: =D3&E3 -> 84500005 | B3: 84500005 | C3: SEC | D3: 8450 | E3: 0005 | F3: Transfer out to Maj 541 | G3: OUT
A4: =D4&E4 -> 85350000 | B4: 85350000 | C4: SEC | D4: 8535 | E4: 0000 | F4: Intra GISF Transfer Out Minor - Intra Country | G4: OUT
A5: =D5&E5 -> 85350001 | B5: 85350001 | C5: SEC | D5: 8535 | E5: 0001 | F5: Intra GISF Transfer Out Minor - Intra Country, between legal entities | G5: OUT
A6: =D6&E6 -> 85390000 | B6: 85390000 | C6: SEC | D6: 8539 | E6: 0000 | F6: Intra GISF Transfer Out Minor | G6: OUT
A7: =D7&E7 -> 85400000 | B7: 85400000 | C7: SEC | D7: 8540 | E7: 0000 | F7: ICA Transfers-out to Intra-ISC accounts only (I/T RELATED) | G7: OUT
A8: =D8&E8 -> 85410000 | B8: 85410000 | C8: SEC | D8: 8541 | E8: 0000 | F8: IS PROVIDER ICA BILLING OF IT TO ANOTHER IS PROVIDER - RELIEF MINOR | G8: OUT
A9: =D9&E9 -> 85420000 | B9: 85420000 | C9: SEC | D9: 8542 | E9: 0000 | F9: TRANSFERS TO RELATED COMPANY- World Trade | G9: OUT
A10: =D10&E10 -> 85420001 | B10: 85420001 | C10: SEC | D10: 8542 | E10: 0001 | F10: Transfers without Service Charge | G10: OUT
A11: =D11&E11 -> 85420002 | B11: 85420002 | C11: SEC | D11: 8542 | E11: 0002 | F11: Transfer out - cross charge | G11: OUT
A12: =D12&E12 -> 85420003 | B12: 85420003 | C12: SEC | D12: 8542 | E12: 0003 | F12: Transfer out - freight reclass | G12: OUT
A13: =D13&E13 -> 85420004 | B13: 85420004 | C13: SEC | D13: 8542 | E13: 0004 | F13: Transfer out- domestic freight | G13: OUT
... A15: =D15&E15 -> 85420006 | B15: 85420006 | C15: SEC | D15: 8542 | E15: 0006 | F15: Transfter out- import freight | G15: OUT
A16: =D16&E16 -> 854210 | B16: 854210 | C16: SEC | D16: 8542 | E16: 10 | F16: Fiscal only Adjustments - Transfer with Service Charge | G16: OUT
A17: =D17&E17 -> 854211 | B17: 854211 | C17: SEC | D17: 8542 | E17: 11 | F17: Fiscal only Adjustments - Transfer without Service Charge | G17: OUT
A18: =D18&E18 -> 85420013 | B18: 854213 | C18: SEC | D18: 8542 | E18: 0013 | F18: Fiscal only Adjustments - Proceeds from Release of Reserves | G18: OUT
A19: =D19&E19 -> 85430001 | B19: 85430001 | C19: SEC | D19: 8543 | E19: 0001 | F19: Transfer without Service Charge | G19: OUT
A20: =D20&E20 -> 85440000 | B20: 85440000 | C20: SEC | D20: 8544 | E20: 0000 | F20: INTERNAL ICA - INTERNAL IGA ADM SERVICE PROVIDER - TRANSFERS TO RELATED COMPAN | G20: OUT
A21: =D21&E21 -> 85440001 | B21: 85440001 | C21: SEC | D21: 8544 | E21: 0001 | F21: Transfer without Service Charge | G21: OUT
A22: =D22&E22 -> 85450000 | B22: 85450000 | C22: SEC | D22: 8545 | E22: 0000 | F22: IT ICA -INTERNAL IGA TD SERVICE PROVIDER - TRANSFERS TO RELATED COMPANY - WORLD | G22: OUT
A23: =D23&E23 -> 85450001 | B23: 85450001 | C23: SEC | D23: 8545 | E23: 0001 | F23: Transfer without Service Charge | G23: OUT
A24: =D24&E24 -> 85460000 | B24: 85460000 | C24: SEC | D24: 8546 | E24: 0000 | F24: IT ICA - INTERNAL LOCAL ADM IT - TRANSFERS TO RELATED COMPANY- WORLD TRADE | G24: OUT
A25: =D25&E25 -> 85460001 | B25: 85460001 | C25: SEC | D25: 8546 | E25: 0001 | F25: Transfer without Service Charge | G25: OUT
A26: =D26&E26 -> 85470000 | B26: 85470000 | C26: SEC | D26: 8547 | E26: 0000 | F26: IT ICA - INTERNAL LOCAL TD IT - TRANSFERS TO RELATED COMPANY - WORLD TRADE | G26: OUT
A27: =D27&E27 -> 85470001 | B27: 85470001 | C27: SEC | D27: 8547 | E27: 0001 | F27: Transfer without Service Charge | G27: OUT
A28: =D28&E28 -> 85480000 | B28: 85480000 | C28: SEC | D28: 8548 | E28: 0000 | F28: ICA Transfers-Out to Intra-ISC accounts only (NON-I/T RELATED) | G28: OUT
A29: =D29&E29 -> 85480001 | B29: 85480001 | C29: SEC | D29: 8548 | E29: 0001 | F29: Transfer without Service Charge | G29: OUT
... A36: =D36&E36 -> 87990000 | B36: 87990000 | C36: SEC | D36: 8799 | E36: 0000 | F36: DEV EXP TRANS TO CHQ VIA FEC (NON-US ONLY) (7XX MAJORS ONLY) | G36: OUT
A37: =D37&E37 -> 884310 | B37: 884310 | C37: SEC | D37: 8843 | E37: 10 | F37: Security Occupancy Recovery | G37: OUT
A38: =D38&E38 -> 89000000 | B38: 89000000 | C38: SEC | D38: 8900 | E38: 0000 | F38: SWG ALLOCATION TRANFER (US ONLY) | G38: OUT
A39: =D39&E39 -> 89030000 | B39: 89030000 | C39: SEC | D39: 8903 | E39: 0000 | F39: TRANSFER TO OTHER INCOME/OTHER CHARGES | G39: OUT
A40: =D40&E40 -> 89030001 | B40: 89030001 | C40: SEC | D40: 8903 | E40: 0001 | F40: External | G40: OUT
A41: =D41&E41 -> 89030002 | B41: 89030002 | C41: SEC | D41: 8903 | E41: 0002 | F41: Transfer to OID - caused by externals | G41: OUT
A42: =D42&E42 -> 89030003 | B42: 89030003 | C42: SEC | D42: 8903 | E42: 0003 | F42: Transfer to OID - caused by subsidiaries | G42: OUT
A43: =D43&E43 -> 8XXX0000 | B43: 8XXX0000 | C43: SEC | D43: 8XXX | E43: 0000 | F43: TRANSFERS TO | G43: OUT
A44: =D44&E44 -> 8XXX0001 | B44: 8XXX0001 | C44: SEC | D44: 8XXX | E44: 0001 | F44: External | G44: OUT
A45: =D45&E45 -> 8XXX0004 | B45: 8XXX0004 | C45: SEC | D45: 8XXX | E45: 0004 | F45: Transfer out- Manufacturing & development burden | G45: OUT
A46: =D46&E46 -> 8XXX0005 | B46: 8XXX0005 | C46: SEC | D46: 8XXX | E46: 0005 | F46: Transfer out - over/under applied | G46: OUT
A47: =D47&E47 -> 8XXX0006 | B47: 8XXX0006 | C47: SEC | D47: 8XXX | E47: 0006 | F47: Transfer out - Internal Maintenance | G47: OUT
A48: =D48&E48 -> 8XXX0007 | B48: 8XXX0007 | C48: SEC | D48: 8XXX | E48: 0007 | F48: Transfer out - General works | G48: OUT
A49: =D49&E49 -> 8XXX8 | B49: 8XXX8 | C49: SEC | D49: 8XXX | E49: 8 | F49: Transfer out - Occupancy | G49: OUT
A50: =D50&E50 -> 8XXX9 | B50: 8XXX9 | C50: SEC | D50: 8XXX | E50: 9 | F50: Transfer out - General Employee Benefits (GEB) | G50: OUT
A51: =D51&E51 -> 90070000 | B51: 90070000 | C51: SEC | D51: 9007 | E51: 0000 | F51: GROUP SG&A DIRECT CHARGE (HQ USE ONLY) | G51: IN
A52: =D52&E52 -> 90080000 | B52: 90080000 | C52: SEC | D52: 9008 | E52: 0000 | F52: Transfer in- Strategic (Image) Advertising | G52: IN
A53: =D53&E53 -> 90090000 | B53: 90090000 | C53: SEC | D53: 9009 | E53: 0000 | F53: Program Spend Transfer In - Non Demand Generation | G53: IN
A54: =D54&E54 -> 90100000 | B54: 90100000 | C54: SEC | D54: 9010 | E54: 0000 | F54: Program Spend Transfer In - Demand Generation | G54: IN
A55: =D55&E55 -> 90130000 | B55: 90130000 | C55: SEC | D55: 9013 | E55: 0000 | F55: ASSIGNEE EXPENSE UPLIFT TRANSFER IN | G55: IN
A56: =D56&E56 -> 90130001 | B56: 90130001 | C56: SEC | D56: 9013 | E56: 0001 | F56: External | G56: IN
A57: =D57&E57 -> 90500000 | B57: 90500000 | C57: SEC | D57: 9050 | E57: 0000 | F57: EXPENSE REIMBURSEMENT FROM OUTSIDE COMPANY | G57: IN
A58: =D58&E58 -> 90510000 | B58: 90510000 | C58: SEC | D58: 9051 | E58: 0000 | F58: MSA Expense Reimbursement From Lenovo - Indirect (for major 638 Use Only) | G58: IN
A59: =D59&E59 -> 90520000 | B59: 90520000 | C59: SEC | D59: 9052 | E59: 0000 | F59: MSA Expense Reimbursement From Lenovo (for major 610 Use Only) | G59: IN
A60: =D60&E60 -> 90530000 | B60: 90530000 | C60: SEC | D60: 9053 | E60: 0000 | F60: TSA Expense Recovery From Lenovo | G60: IN
A61: =D61&E61 -> 90600000 | B61: 90600000 | C61: SEC | D61: 9060 | E61: 0000 | F61: Bid & Proposal Labor Expense Transfer In | G61: IN
A62: =D62&E62 -> 90600001 | B62: 90600001 | C62: SEC | D62: 9060 | E62: 0001 | F62: Bid & Proposal Labor Expense Transfer In - different entities | G62: IN
... A94: =D94&E94 -> 95480001 | B94: 95480001 | C94: SEC | D94: 9548 | E94: 0001 | F94: ICA Transfers-In from Intra-ISC accounts only (NON-I/T RELATED) TAI FX | G94: IN
A95: =D95&E95 -> 965810 | B95: 965810 | C95: SEC | D95: 9658 | E95: 10 | F95: Transfer from Technical Sales Support - ISBU -External (Transfers between legal | G95: IN
A96: =D96&E96 -> 96780000 | B96: 96780000 | C96: SEC | D96: 9678 | E96: 0000 | F96: Transfers From - "Out of Plan" Labor Transfers | G96: IN
A97: =D97&E97 -> 96980000 | B97: 96980000 | C97: SEC | D97: 9698 | E97: 0000 | F97: OEM Transfers From - Other Indirect | G97: IN
A98: =D98&E98 -> 97990000 | B98: 97990000 | C98: SEC | D98: 9799 | E98: 0000 | F98: DEV EXP TRANS IN TO CHQ VIA FEC (CHQ ONLY) (7XX MAJORS ONLY) | G98: IN
A99: =D99&E99 -> 99000000 | B99: 99000000 | C99: SEC | D99: 9900 | E99: 0000 | F99: SWG ALLOCATION TRANFER (US ONLY) | G99: IN
A100: =D100&E100 -> 99150000 | B100: 99150000 | C100: SEC | D100: 9915 | E100: 0000 | F100: S&D ISU allocation (WCA use only) | G100: IN
A101: =D101&E101 -> 99160000 | B101: 99160000 | C101: SEC | D101: 9916 | E101: 0000 | F101: S&D SMB allocation (WCA use only) | G101: IN
A102: =D102&E102 -> 99170000 | B102: 99170000 | C102: SEC | D102: 9917 | E102: 0000 | F102: S&D Channel allocation (WCA use only) | G102: IN
A103: =D103&E103 -> 9XXX0000 | B103: 9XXX0000 | C103: SEC | D103: 9XXX | E103: 0000 | F103: TRANSFERS FROM | G103: IN
A104: =D104&E104 -> 9XXX0001 | B104: 9XXX0001 | C104: SEC | D104: 9XXX | E104: 0001 | F104: External | G104: IN
A105: =D105&E105 -> 9XXX0004 | B105: 9XXX0004 | C105: SEC | D105: 9XXX | E105: 0004 | F105: Transfer in- Manufacturing & development burden | G105: IN
A106: =D106&E106 -> 9XXX0005 | B106: 9XXX0005 | C106: SEC | D106: 9XXX | E106: 0005 | F106: Transfer in- over/under applied | G106: IN
A107: =D107&E107 -> 9XXX0006 | B107: 9XXX0006 | C107: SEC | D107: 9XXX | E107: 0006 | F107: Transfer in - Internal Maintenance | G107: IN
A108: =D108&E108 -> 9XXX0007 | B108: 9XXX0007 | C108: SEC | D108: 9XXX | E108: 0007 | F108: Transfer in - General works | G108: IN
A109: =D109&E109 -> 9XXX8 | B109: 9XXX8 | C109: SEC | D109: 9XXX | E109: 8 | F109: Transfer in - Occupancy | G109: IN
A110: =D110&E110 -> 9XXX9 | B110: 9XXX9 | C110: SEC | D110: 9XXX | E110: 9 | F110: Transfer in - General Employee Benefits (GEB) | G110: IN
B111: 98110000 | C111: SEC | D111: 9811 | E111: 0000 | F111: TRANSFER FROM ITS 811 | G111: IN
B112: 98120000 | C112: SEC | D112: 9812 | E112: 0000 | F112: TRANSFER FROM ITS 812 | G112: IN
B113: 98130000 | C113: SEC | D113: 9813 | E113: 0000 | F113: TRANSFER FROM SO 813 | G113: IN
B114: 98350000 | C114: SEC | D114: 9835 | E114: 0000 | F114: TRANSFER FROM COST POOL | G114: IN
B115: 98360000 | C115: SEC | D115: 9836 | E115: 0000 | F115: TRANSFER FROM SERVICE POOL | G115: IN
B116: 98700000 | C116: SEC | D116: 9870 | E116: 0000 | F116: TRANSFER FROM HR POOLS / LABOR | G116: IN
B117: 88360000 | C117: SEC | D117: 8836 | E117: 0000 | F117: Transfer out to Service pool | G117: OUT
B118: 98690000 | D118: 9869 | E118: 0000 | F118: TRANSFER FROM GTS | G118: IN
B119: 98380000 | F119: TRANSFER FROM ITS | G119: IN
B120: 88360001 | F120: Transfer from IBM | G120: OUT
B121: 88690001 | F121: Transfer from IBM | G121: OUT
B122: 88700001 | F122: Transfer from IBM | G122: OUT
B123: 98360001 | F123: Transfer from service pool | G123: IN
B124: 98260000 | D124: 9826 | F124: Transfer from AMS | G124: IN

Sheet RESULTS
A1: =E1&F1 -> Charge IN/OUTMAJOR | B1: MINSMIN | C1: COST TYPE | D1: Leru Name | E1: Charge IN/OUT | F1: MAJOR | G1: MINOR | H1: SMIN | I1: LERU | J1: AMTLOC | K1: DESCR1 | L1: DESCR2 | M1: VOUCHER_NBR | N1: VOUCHER_GRP_NBR | O1: ENTRY_DATE8 | P1: LOCFLD4 | Q1: ACCTMO | R1: PROJECTNUM | S1: CONTRACTNUM | T1: FROM_PRODID
A2: =G2&H2 -> 84400000 | B2: 84400000 | C2: =IF(ISERROR(VLOOKUP(B2,'MINOR DESCR'!$B$1:$G$125,5,0)),0,VLOOKUP(B2,'MINOR DESCR'!$B$1:$G$125,5,0)) -> 0 | D2: =IF(ISERROR(VLOOKUP(I2,'LERU NAMES'!$A$2:$C$3,3,0)),0,VLOOKUP(I2,'LERU NAMES'!$A$2:$C$3,3,0)) -> 0 | E2: =IF(ISERROR(VLOOKUP(B2,'MINOR DESCR'!$B$1:$G$125,6,0)),0,VLOOKUP(B2,'MINOR DESCR'!$B$1:$G$125,6,0)) -> 0 | F2: 836 | G2: 8440 | H2: 0000 | I2: 783610 | J2: -1412.84 | K2: SPT Allocation LC31 01/2015 | L2: C0553 V SP_SHARED SVCES STORAI | M2: YUZ1471 | N2: 0001 | O2: 20150130 | Q2: 01 | R2: FS00751 | S2: FM90L12M | T2: 62431783610
A3: =G3&H3 -> 84400000 | B3: 84400000 | C3: =IF(ISERROR(VLOOKUP(B3,'MINOR DESCR'!$B$1:$G$125,5,0)),0,VLOOKUP(B3,'MINOR DESCR'!$B$1:$G$125,5,0)) -> 0 | D3: =IF(ISERROR(VLOOKUP(I3,'LERU NAMES'!$A$2:$C$3,3,0)),0,VLOOKUP(I3,'LERU NAMES'!$A$2:$C$3,3,0)) -> 0 | E3: =IF(ISERROR(VLOOKUP(B3,'MINOR DESCR'!$B$1:$G$125,6,0)),0,VLOOKUP(B3,'MINOR DESCR'!$B$1:$G$125,6,0)) -> 0 | F3: 836 | G3: 8440 | H3: 0000 | I3: 783610 | J3: -333.18 | K3: SPT Allocation LC31 01/2015 | L3: C0553 V SP_SHARED SVCES STORAI | M3: YUZ1471 | N3: 0001 | O3: 20150130 | Q3: 01 | R3: FS00605 | S3: FM90L11M | T3: 62431783610

Sheet LERU NAMES
A1: LERU | B1: TB 2007 | C1: Department Name | D1: Manager
A2: 383651 | B2: 2P836 | C2: ICA Indirect Charges
A3: 383665 | C3: ICA for JLL
